 Dungeon Crawl Stone Soup version 0.29.1-12-g30fa7ad0bf (webtiles) character file.

Game seed: 6860443511882340865

24 wormed the Geomancer (level 3, 0/25 HPs)
             Began as a Gnoll Wanderer on Dec 27, 2022.
             Succumbed to an adder's poison
             ... on level 2 of the Dungeon.
             The game lasted 00:02:30 (1393 turns).

wormed the Geomancer (Gnoll Wanderer)               Turns: 1393, Time: 00:02:31

Health: 0/25       AC:  3    Str: 12    XL:     3   Next: 2%
Magic:  3/7        EV: 11    Int: 14    God:
Gold:   44         SH:  0    Dex:  9    Spells: 6/7 levels left

rFire   . . .      SeeInvis .   a - +0 club
rCold   . . .      Faith    .   (no shield)
rNeg    . . .      Spirit   .   e - +0 robe
rPois   .          Reflect  .   (no helmet)
rElec   .          Harm     .   (no cloak)
rCorr   .          Rampage  .   g - +0 pair of gloves
Will    .....                   (no boots)
Stlth   ++........              (no amulet)
HPRegen 0.08/turn               (no ring)
MPRegen 0.10/turn               (no ring)

@: lethally poisoned (0 -> -9)
A: fangs 1, strong nose, distributed training
a: no special abilities


You were on level 2 of the Dungeon.
You visited 1 branch of the dungeon, and saw 2 of its levels.

You collected 44 gold pieces.

Inventory:

Hand Weapons
 a - a +0 club (weapon)
Armour
 e - a +0 robe (worn)
 g - a +0 pair of gloves (worn)
Scrolls
 b - a scroll of fear
 i - a scroll of enchant armour {unknown}
 j - a scroll of teleportation {unknown}
Potions
 c - a potion of degeneration {unknown}
 d - a potion of curing {unknown}
 f - a potion of mutation {unknown}
 h - a potion of magic {unknown}


   Skills:
 + Level 0.6 Fighting
 + Level 0.6 Short Blades
 + Level 0.6 Long Blades
 + Level 0.6 Axes
 + Level 0.6 Maces & Flails
 + Level 0.6 Polearms
 + Level 0.6 Staves
 + Level 0.6 Ranged Weapons
 + Level 0.6 Throwing
 + Level 4.5 Armour
 + Level 0.6 Dodging
 + Level 2.3 Stealth
 + Level 0.6 Shields
 + Level 0.6 Unarmed Combat
 + Level 2.8 Spellcasting
 + Level 2.1 Conjurations
 + Level 0.4 Hexes
 + Level 0.4 Summonings
 + Level 0.4 Necromancy
 + Level 0.4 Translocations
 + Level 0.4 Transmutations
 + Level 0.4 Fire Magic
 + Level 0.4 Ice Magic
 + Level 0.4 Air Magic
 + Level 8.7 Earth Magic
 + Level 0.4 Poison Magic
 + Level 0.8 Invocations
 + Level 0.6 Evocations


You had 6 spell levels left.
You knew the following spells:

 Your Spells              Type           Power      Damage    Failure   Level
a - Foxfire               Conj/Fire      20%        2x1d5     13%         1

Your spell library contained the following spells:

 Spells                   Type           Power      Damage    Failure   Level
 Sandblast                Erth           52%        2d12      1%          1
 Passwall                 Tmut/Erth      11%        N/A       4%          2
 Petrify                  Tmut/Erth      14%        N/A       32%         4
 Dazzling Flash           Conj/Hex       10%        N/A       36%         3
 Portal Projectile        Hex/Tloc       6%         N/A       47%         3
 Tukima's Dance           Hex            3%         N/A       47%         3
 Blade Hands              Tmut           1%         N/A       99%         5


Dungeon Overview and Level Annotations

Branches:
Dungeon (2/15)

Altars:


Innate Abilities, Weirdness & Mutations

You have very sharp teeth.
Your uncanny sense of smell can sniff out nearby items.
Your experience applies equally to all skills.


Message History

Confirm with . or Enter, or press ? or * to list all spells.
You conjure some foxfire!
The adder misses you.
The foxfire hits the adder.
The adder is heavily wounded.
The foxfire hits the adder.
The adder is heavily wounded.
The adder bites you but does no damage.
Casting: Foxfire (safe; 13% risk of failure)
Confirm with . or Enter, or press ? or * to list all spells.
You conjure some foxfire!
The foxfire hits the adder.
The adder is lightly wounded.
The adder bites you.
You miss the adder.
The adder is heavily wounded.
The foxfire hits the adder but does no damage.
The adder is heavily wounded.
The adder bites you but does no damage. The adder barely misses you.
The adder bites you.
You are poisoned.
The adder poisons you!
Casting: Foxfire (safe; 13% risk of failure)
Confirm with . or Enter, or press ? or * to list all spells.
You conjure some foxfire!
You feel sick. The adder misses you. The adder completely misses you.
The adder bites you.
You hit the adder but do no damage.
The adder is heavily wounded.
You feel sick.
The foxfire hits the adder.
The adder is almost dead.
The adder bites you.
You are lethally poisoned!
The adder poisons you! The adder closely misses you.
The adder bites you but does no damage. The adder attacks as you move away!
The adder bites you. The adder attacks as you move away!
The adder bites you but does no damage.
* * * LOW HITPOINT WARNING * * *
You feel sick. The adder bites you.
* * * LOW HITPOINT WARNING * * *
As you read the scroll of fear, it crumbles to dust.
You assume a fearsome visage.
The adder looks frightened! x2
You die...

######### #.......#
###.......#
#.........#
........#########
.)......#.......# ##
........#.#####.##.#
........#.....#.@SS#
............#.#.##.#
.........#..#.### .#
.....)...#..#.# ..
.........#..#.#∆ ...
.........#..#.# ....
########.#..#..
.#### #....### .#
.....#


You could see 2 adders.

Vanquished Creatures
  A bat (D:2)
  2 endoplasms (D:1)
  3 giant cockroaches
  5 goblins
  A quokka (D:1)
  2 ball pythons
  A frilled lizard (D:1)
  3 kobolds (D:1)
  6 rats
24 creatures vanquished.

Vanquished Creatures (others)
  47 foxfires
47 creatures vanquished.

Grand Total: 71 creatures vanquished

Notes
Turn   | Place    | Note
-------+----------+-------------------------------------------
     0 | D:1      | wormed the Gnoll Wanderer began the quest for the Orb.
     0 | D:1      | wormed set off with the following items: a +0 club, a
                  | scroll of fear, a +0 ring mail; and the following spells
                  | available to memorise: Sandblast, Passwall, Foxfire,
                  | Petrify, Dazzling Flash.
     0 | D:1      | Reached XP level 1. HP: 13/13 MP: 4/4
     7 | D:1      | Learned a level 1 spell: Foxfire
   253 | D:1      | Reached XP level 2. HP: 15/19 MP: 5/5
  1079 | D:2      | Found a faded altar of an unknown god.
  1101 | D:2      | Identified the +1 ring mail of Omoalu Xica {+Blink Int+4
                  | Stlth+}
  1339 | D:2      | Reached XP level 3. HP: 21/25 MP: 5/7
  1393 | D:2      | Succumbed to an adder's poison

Illustrated notes

Levels and vault maps discovered:
D:1:      spicycebolla_arrival_xxxplode, layout_loops_ring
D:2:      layout_basic, hellmonk_ecumenical_altar_pennies_from_heaven,
          basic_altar, uniq_jessica, uniq_robin

Skill      XL: |  1 |
---------------+----+-----
Conjurations   | 2 |  2.1
Fighting       | |  0.6
Short Blades   | |  0.6
Long Blades    | |  0.6
Axes           | |  0.6
Maces & Flails | |  0.6
Polearms       | |  0.6
Staves         | |  0.6
Ranged Weapons | |  0.6
Throwing       | |  0.6
Armour         | |  4.5
Dodging        | |  0.6
Stealth        | |  2.3
Shields        | |  0.6
Unarmed Combat | |  0.6
Spellcasting   | |  2.8
Hexes          | |  0.4
Summonings     | |  0.4
Necromancy     | |  0.4
Translocations | |  0.4
Transmutations | |  0.4
Fire Magic     | |  0.4
Ice Magic      | |  0.4
Air Magic      | |  0.4
Earth Magic    | |  8.7
Poison Magic   | |  0.4
Invocations    | |  0.8
Evocations     | |  0.6

Action                   || total
-------------------------++-------
Melee: Club              ||    33
       Punch             ||     1
 Cast: Foxfire           ||    29
  Use: Scroll            ||     1
Armor: Ring mail         ||     5
       Robe              ||     8
Dodge: Dodged            ||    33
